Map: Divergence LE

Players

ecruos

  • Race: Terran Terran
  • League: Platinum
  • Spawn Location: 11:00

Swatyo

  • Race: Terran Terran
  • League: Diamond
  • Spawn Location: 11:00

Massa - Winner!

  • Race: Terran Terran
  • League: Gold
  • Spawn Location: 5:00

qqq - Winner!

  • Race: Zerg Zerg
  • League: Platinum
  • Spawn Location: 5:00

VOD

Have the link to the VOD?

Description

Time

  • Played on: May 20, 2020, 1:55 p.m.
  • Length: 4:46
Show
View Real Time Build Order
Export as new Build Order

ecruos Terran 

Build Orders:  

Get SALT Encoding   

  12  0:03  SCV  
  13  0:15  SCV  
  14  0:27  SCV  
  14  0:28  Supply Depot  
  15  0:40  Refinery  
  16  0:50  SCV, Barracks  
  16  1:02  SCV  
  17  1:04  Refinery  
  17  1:14  SCV  
  18  1:26  SCV  
  19  1:38  SCV  
  20  1:47  Marine  
  20  1:48  Factory  
  20  1:50  SCV  
  22  2:02  SCV  
  22  2:08  Supply Depot  
  23  2:20  Orbital Command  
  23  2:31  Supply Depot  
  23  2:33  Factory Tech Lab  
  23  2:48  SCV  
  24  2:51  Command Center  
  24  3:00  Starport  
  24  3:06  Siege Tank  
  27  3:27  SCV  
  27  3:31  Marine  
  29  3:38  Starport Tech Lab  
  29  3:39  SCV  
  30  3:43  Fusion Core  
  30  3:51  Cyclone  
  30  3:54  SCV  
  34  4:00  Marine  
  35  4:04  Orbital Command  
  35  4:06  SCV  
  35  4:08  Refinery  
Show
View Real Time Build Order
Export as new Build Order

Swatyo Terran 

Build Orders:  

Get SALT Encoding   

  12  0:09  SCV  
  13  0:22  SCV  
  14  0:34  SCV  
  15  0:36  Supply Depot  
  15  0:55  Refinery  
  15  0:57  SCV  
  15  1:00  Barracks  
  16  1:09  SCV  
  17  1:21  SCV  
  18  1:33  SCV  
  18  1:37  Refinery  
  19  1:42  Command Center  
  19  1:46  SCV  
  20  1:47  Supply Depot  
  20  1:51  Marine  
  21  1:58  SCV  
  22  2:10  SCV  
  23  2:22  Orbital Command  
  23  2:24  Marine  
  24  2:32  Factory  
  24  2:42  Marine  
  25  2:59  Marine  
  25  3:00  Barracks  
  25  3:03  Orbital Command  
  25  3:04  SCV  
  27  3:07  Engineering Bay  
  27  3:25  Bunker  
  27  3:26  SCV  
  28  3:38  SCV  
  29  3:46  SCV, Missile Turret  
  30  3:50  SCV  
  30  3:51  Factory Reactor  
  30  3:53  Marine  
  32  3:59  Starport, SCV  
  34  4:02  SCV  
  34  4:04  Barracks Tech Lab  
  34  4:12  SCV  
  34  4:13  Marine  
  34  4:18  Missile Turret  
  34  4:27  SCV  
Show
View Real Time Build Order
Export as new Build Order

Massa Terran - Winner!

Build Orders:  

Get SALT Encoding   

  12  0:12  Supply Depot  
  12  0:13  SCV  
  13  0:25  SCV  
  14  0:36  Barracks  
  14  0:37  SCV  
  15  0:49  SCV  
  16  1:01  SCV  
  17  1:13  SCV  
  18  1:24  Supply Depot  
  18  1:25  SCV  
  19  1:33  Marine  
  19  1:37  SCV  
  21  1:51  Marine  
  22  1:57  Barracks  
  22  1:59  Barracks  
  22  2:02  Barracks  
  22  2:04  SCV  
  23  2:11  Marine  
  23  2:13  Refinery  
  24  2:26  Orbital Command  
  24  2:29  Marine  
  25  2:55  Marine x4  
  29  3:01  Engineering Bay  
  29  3:12  Supply Depot  
  29  3:13  Marine x2  
  29  3:16  Supply Depot  
  31  3:34  Marine x4  
  35  3:45  Missile Turret  
  35  3:52  Marine x4  
  39  4:06  Missile Turret  
  39  4:09  Marine x4  
  43  4:27  Marine x4  
Show
View Real Time Build Order
Export as new Build Order

qqq Zerg - Winner!

Build Orders: Hatch First 

Get SALT Encoding   

  12  0:02  Drone  
  13  0:09  Drone  
  14  0:37  Hatchery  
  13  0:51  Spawning Pool  
  12  0:58  Overlord  
  12  1:03  Drone  
  13  1:08  Drone  
  14  1:12  Extractor  
  14  1:16  Drone  
  14  1:25  Drone  
  15  1:37  Drone  
  16  1:42  Queen  
  18  1:50  Drone  
  19  1:57  Queen  
  19  1:58  Drone  
  22  2:05  Drone  
  22  2:07  Drone  
  25  2:08  Zergling x2  
  25  2:12  Zergling x2  
  26  2:19  Overlord  
  26  2:23  Zergling x2  
  26  2:28  Metabolic Boost  
  27  2:33  Zergling x2  
  28  2:39  Overlord  
  28  2:41  Zergling x2  
  29  2:49  Zergling x2  
  30  2:56  Zergling x4  
  30  2:57  Zergling x2  
  34  2:58  Zergling x2  
  34  3:00  Zergling x2  
  35  3:06  Zergling x2  
  35  3:10  Zergling x2  
  37  3:20  Drone  
  37  3:21  Zergling x2  
  39  3:28  Zergling x6  
  39  3:29  Zergling x4  
  44  3:37  Overlord  
  44  3:44  Overlord  
  44  3:52  Roach Warren  
  44  3:53  Drone  
  44  4:05  Zergling x4  
  44  4:06  Zergling x4  
  48  4:17  Zergling x4  
  48  4:18  Zergling x4  
Tags
 
Add a new tag
Caveats
  • Supply blocks, unpowered buildings, or Contaminate may cause inaccurate times.
  • Supply counts are checked every 10 seconds.